 Dungeon Crawl Stone Soup version 0.31.0-2-g5a2aebc5c2 (webtiles) character file.

Game seed: 8773850354837291856

2308 dialectric the Basher (level 9, -8/79 HPs)
             Began as a Minotaur Fighter on Jan 20, 2024.
             Mangled by a hornet (9 damage)
             ... while paralysed by a hornet
             ... on level 7 of the Dungeon.
             The game lasted 00:05:12 (5919 turns).

dialectric the Basher (Minotaur Fighter)            Turns: 5919, Time: 00:05:13

Health: -8/79      AC: 10    Str: 30    XL:     9   Next: 18%
Magic:  0/8        EV:  2    Int:  5    God:
Gold:   406        SH:  0    Dex: 11    Spells: 8/8 levels left

rFire   . . .        a - +0 flail
rCold   . . .        (no shield)
rNeg    . . .        B - +0 steam dragon scales
rPois   .            (helmet restricted)
rElec   .            z - +1 cloak
rCorr   +            (no gloves)
SInv    .            t - +0 pair of boots
Will    +....        i - amulet of guardian spirit
Stlth   +            o - ring of resist corrosion
HPRegen 0.33/turn    w - +6 ring of strength
MPRegen 0.11/turn

%: guardian spirit
@: paralysed, lethally poisoned (-8 -> -23), enlightened, flying, slowed
A: horns 2, retaliatory headbutt
a: no special abilities


You were on level 7 of the Dungeon.
You visited 1 branch of the dungeon, and saw 7 of its levels.

You collected 406 gold pieces.

Inventory:

Hand Weapons
 a - a +0 flail (weapon)
Armour
 b - a +0 scale mail
 c - a +0 buckler
 t - a +0 pair of boots (worn)
 z - a +1 cloak (worn)
 B - +0 steam dragon scales (worn)
Jewellery
 i - an amulet of guardian spirit (around neck)
 o - a ring of resist corrosion (left hand)
 w - a +6 ring of strength (right hand)
 E - a ring of fire
Talismans
 q - a maw talisman
Wands
 x - a wand of quicksilver (10)
 y - a wand of flame (13)
 C - a wand of roots (12)
Scrolls
 d - 2 scrolls of blinking {unknown}
 e - 2 scrolls of identify
 g - 3 scrolls of enchant armour {unknown}
 j - 5 scrolls of enchant weapon {unknown}
 k - a scroll of torment {unknown}
 l - a scroll of vulnerability {unknown}
 m - 2 scrolls of fog {unknown}
 p - a scroll of amnesia {unknown}
 s - a scroll of revelation {unknown}
 v - a scroll of noise {unknown}
 D - a scroll of teleportation {unknown}
Potions
 f - a potion of enlightenment
 h - 2 potions of attraction
 n - a potion of haste
 r - 2 potions of curing
 u - 2 potions of heal wounds
 A - 3 potions of might


   Skills:
 + Level 7.4 Fighting
 + Level 10.0 Maces & Flails
 + Level 8.8 Armour
 - Level 3.0 Dodging
 - Level 4.0 Shields


You had 8 spell levels left.
You didn't know any spells.
Your spell library contained the following spells:

 Spells                   Type           Power      Damage    Failure   Level
 Volatile Blastmotes      Fire/Tloc      0%         2d10      85%         3
 Fulminant Prism          Conj/Alch      0%         3d5       99%         4
 Iskenderun's Mystic Bla  Conj/Tloc      0%         2d3       99%         4


Dungeon Overview and Level Annotations

Branches:
Dungeon (7/15)             Temple (0/1) D:6

Altars:
Trog
Uskayaw

Annotations:
D:5 2 transporters, GKuma's ghost, amateur MiCK


Innate Abilities, Weirdness & Mutations

You have a pair of horns on your head.
You reflexively headbutt those who attack you in melee.


Message History

You feel as though you will be slow longer.
The hornet barely misses you.
You miss the hornet. You headbutt the hornet!
The hornet is moderately wounded.
You feel sick. The hornet stings you.
You are more poisoned.
You shrug off the repeated paralysis!
The hornet stings you!
You are more poisoned.
You feel as though you will be slow longer.
You feel better. The hornet stings you.
You feel as though you will be slow longer.
The hornet closely misses you.
Unknown command.
You feel very buoyant.
You fly up into the air.
The hornet completely misses you. The hornet closely misses you. x2
Unknown command.
You hit the hornet. You headbutt the hornet.
The hornet is heavily wounded.
The hornet stings you!
You feel as though you will be slow longer.
The hornet stings you.
You feel as though you will be slow longer.
You closely miss the hornet.
The hornet is heavily wounded.
The hornet stings you!
You are poisoned.
You feel as though you will be slow longer.
The hornet stings you!
* * * LOW HITPOINT WARNING * * *
You are lethally poisoned!
You feel as though you will be slow longer.
You barely miss the hornet. You headbutt the hornet!
The hornet is severely wounded.
* * * LOW HITPOINT WARNING * * *
You feel extremely sick. The hornet stings you!
* * * LOW HITPOINT WARNING * * *
You suddenly lose the ability to move!
The hornet stings you!
You die...

###.##.# ###.##.# #.
#. ..# #.##.## #.
####.## #.#...# #.
#...####.#...### #.
..............###. ...
##.........##. #h#
#.........##. #y#
#............
#@####..#......###
#.......#.......##
#.####.##.........
#####.####.##.......##
............##.....###
#####.................
#.......##.###.###
#.......)......#
#.......##.#.###


You could see a hornet and a black bear.

Vanquished Creatures
  Sigmund (D:3)
  Menkaure (D:6)
  A steam dragon (D:7)
  A water moccasin (D:7)
  2 ice beasts
  A sky beast (D:7)
  A black bear (D:6)
  3 ogres
  2 centaurs
  A kobold brigand (D:6)
  2 scorpions
  3 bullfrogs
  2 howler monkeys
  A hound (D:6)
  An orc priest (D:6)
  A bombardier beetle (D:6)
  A jelly (D:6)
  Crazy Yiuf (D:6)
  2 iguanas
  2 orc wizards (D:5)
  2 sleepcaps
  Robin (D:2)
  10 adders
  A shadow imp (D:5)
  A white imp (D:6)
  A ribbon worm (D:2)
  4 dart slugs
  10 orcs
  5 ball pythons
  7 bats
  4 endoplasms
  2 giant cockroaches (D:2)
  11 goblins
  12 hobgoblins
  9 jackals
  6 quokkas
  6 frilled lizards
  14 kobolds
  8 rats
144 creatures vanquished.

Notes
Turn   | Place    | Note
-------+----------+-------------------------------------------
     0 | D:1      | dialectric the Minotaur Fighter began the quest for the
                  | Orb.
     0 | D:1      | Reached XP level 1. HP: 19/19 MP: 0/0
   316 | D:1      | Reached XP level 2. HP: 27/27 MP: 1/1
   930 | D:2      | Reached XP level 3. HP: 33/33 MP: 2/2
   935 | D:2      | Reached skill level 3 in Maces & Flails
  1248 | D:2      | Reached skill level 1 in Dodging
  1333 | D:2      | Noticed Robin
  1361 | D:2      | Reached XP level 4. HP: 24/40 MP: 3/3
  1371 | D:2      | Killed Robin
  1811 | D:3      | Noticed Sigmund
  1824 | D:3      | HP: 1/40 [something (9)]
  1826 | D:3      | Killed Sigmund
  1827 | D:3      | Reached skill level 5 in Maces & Flails
  1827 | D:3      | Reached skill level 5 in Armour
  1827 | D:3      | Reached XP level 5. HP: 2/47 MP: 0/4
  2159 | D:3      | Reached XP level 6. HP: 51/53 MP: 3/5
  3215 | D:5      | Entered Level 5 of the Dungeon
  3457 | D:6      | Reached skill level 5 in Fighting
  3465 | D:6      | Reached skill level 6 in Maces & Flails
  3465 | D:6      | Reached XP level 7. HP: 22/61 MP: 3/6
  3709 | D:6      | Found a bloodstained altar of Trog.
  3850 | D:6      | Reached skill level 7 in Maces & Flails
  4054 | D:6      | Reached XP level 8. HP: 63/70 MP: 4/7
  4188 | D:6      | Found a runed translucent door.
  4189 | D:6      | Noticed Crazy Yiuf
  4214 | D:6      | Noticed Menkaure
  4221 | D:6      | Killed Menkaure
  4222 | D:6      | Reached skill level 8 in Maces & Flails
  4318 | D:6      | Found a hide-covered altar of Uskayaw.
  4492 | D:6      | Found a staircase to the Ecumenical Temple.
  4673 | D:6      | Killed Crazy Yiuf
  4995 | D:5      | Identified the +3 ring mail of Forking Paths {^Drain rPois
                  | Str+3}
  4995 | D:5      | Identified the +2 buckler of the Shining Light {Int+3}
  5067 | D:5      | Found a transporter.
  5073 | D:5      | Found a transporter.
  5158 | D:5      | Reached skill level 9 in Maces & Flails
  5278 | D:5      | Noticed GKuma's ghost (amateur MiCK)
  5317 | D:5      | Identified the amulet "Legixuec" {Reflect Rampage *Corrode
                  | Dex+8 SH+5}
  5629 | D:7      | Reached XP level 9. HP: 75/79 MP: 6/8
  5791 | D:7      | Reached skill level 10 in Maces & Flails
  5912 | D:7      | Paralysed by a hornet for 1 turns
  5919 | D:7      | HP: 1/79 [hornet (8)]
  5919 | D:7      | Paralysed by a hornet for 3 turns
  5919 | D:7      | Mangled by a hornet

Illustrated notes

Levels and vault maps discovered:
D:1:      psy_arrival_radial02, layout_loops_ring
D:2:      minmay_diamond_boxcup, layout_loops_ring, serial_bayou,
          serial_bayou_pond_b, serial_bayou_shore_b, serial_bayou_lagoon_a,
          serial_bayou_pond_a, minmay_ruptured, uniq_robin
D:3:      layout_loops_ring, uniq_sigmund
D:4:      layout_cave_pools
D:5:      layout_cave_pools, gammafunk_ghost_gnarly_gnolls
D:6:      layout_loops_ring, nicolae_uskayaw_dance_studio,
          mainiacjoe_overflow_brackets, minmay_temple_entry_poolview,
          hangedman_decor_opposing, uniq_menkaure, uniq_crazy_yiuf_cottage
D:7:      layout_loops_ring, lemuel_blue_sif_altar

Skill      XL: |  1  2  3  4  5  6  7  8  9 |
---------------+----------------------------+-----
Shields        | 4 |  4.0
Armour         | 4 5 6 8 |  8.8
Maces & Flails | 3 5 6 7 9 10 | 10.0
Fighting       | 4 5 7 |  7.4
Dodging        | 1 2 3 |  3.0

Action                     |  1- 3 |  4- 6 |  7- 9 || total
---------------------------+-------+-------+-------++-------
  Melee: Flail             |   118 |   126 |   143 ||   387
         Headbutt          |    14 |    18 |    33 ||    65
         Punch             |       |     3 |     1 ||     4
    Use: Potion            |       |     2 |     2 ||     4
         Scroll            |       |     2 |     2 ||     4
 Armour: Scale mail        |   109 |    90 |    74 ||   273
         Steam dragon scal |       |       |    31 ||    31
  Dodge: Dodged            |    59 |    57 |    86 ||   202
